AoeStats
← VEZ3333

MegaRandom

506636915Analyzed
4v4 RM · 18d ago on Sep 14, 2026· 19m 27s· 8 players
Game mode
Random Map
Map size
Large (8 player)
Population
200
Speed
Normal
Resources
Standard
Victory
Conquest
Starting age
Dark Age
Ending age
Imperial Age
RankedLock teamsTeams togetherTeam positionsShared explorationLock speedFull tech treeHidden civsTurbo modeCheats
Victory
Defeat
🇨🇳 Armenians · China
1341
+10
🇹🇼 Franks · Taiwan
1194
+16
🇹🇼 Huns · Taiwan
1158
+16
🇨🇳 Cumans · China
1139
+17
1221
-16
🇮🇹 Franks · Italy
1190
-15
🇪🇸 Magyars · Spain
1189
-15
🇫🇷 Turks · France
1146
-13
CyanCheese20019
9:08 Feudal Age
7:49 Loom
11:34 Double-Bit Axe
11:30 Horse Collar
16:35 Wheelbarrow
16:12 Town Watch
21:06 Castle Age
19:49 Gold Mining
只爆叉叉
10:29 Feudal Age
10:58 Double-Bit Axe
10:36 Man-at-Arms
12:14 Long Swordsman
16:56 Horse Collar
19:41 Wheelbarrow
bisusuperman
9:20 Feudal Age
10:00 Double-Bit Axe
TTAITAI
10:19 Feudal Age
11:06 Double-Bit Axe
18:07 Castle Age
16:00 Loom
16:49 Scale Barding Armor
17:29 Forging
18:48 Husbandry
19:12 Chain Barding Armor
19:10 Bow Saw
VEZ3333
9:50 Feudal Age
15:08 Castle Age
VakorTV
0:34 Loom
9:59 Feudal Age
14:34 Castle Age
12:30 Double-Bit Axe
14:14 Scale Barding Armor
15:41 Chain Barding Armor
15:32 Forging
15:36 Bow Saw
cuchoff
10:21 Feudal Age
13:23 Wheelbarrow
14:03 Town Watch
16:57 Castle Age
15:50 Padded Archer Armor
18:16 Fletching
19:27 Thumb Ring
顶住啊等我出兵
11:28 Feudal Age
12:37 Double-Bit Axe
14:42 Scale Barding Armor
Connection lost

Rejoining the realm…

Still unreachable

The connection could not be restored.

Session expired

The server has moved on; the page needs a fresh start.